 Dungeon Crawl Stone Soup version 0.31-a0-188-g5e087ee2ca (webtiles) character file.

Game seed: 5277453709940568525

72 qw the Shooter (level 4, -7/25 HPs)
             Began as a Deep Elf Hunter on June 23, 2023.
             Killed by nerve-wracking pain
             ... invoked by Grinder
              (13 damage)
             ... on level 3 of the Dungeon.
             The game lasted 00:00:35 (1513 turns).

qw the Shooter (Deep Elf Hunter)                    Turns: 1513, Time: 00:00:35

Health: -7/25      AC:  4    Str: 10    XL:     4   Next: 6%
Magic:  6/6        EV: 12    Int: 14    God:
Gold:   83         SH:  0    Dex: 18    Spells: 3/3 levels left

rFire   + . .        Y - +0 shortbow
rCold   . . .        (shield currently unavailable)
rNeg    . . .        e - +1 leather armour {rF+}
rPois   .            (no helmet)
rElec   .            (no cloak)
rCorr   .            (no gloves)
SInv    .            (no boots)
Will    .....        (no amulet)
Stlth   ++           (no ring)
HPRegen 0.24/turn    (no ring)
MPRegen 0.10/turn

%: no passive effects
@: no status effects
A: no striking features
a: no special abilities


You were on level 3 of the Dungeon.
You visited 1 branch of the dungeon, and saw 3 of its levels.

You collected 83 gold pieces.


   Skills:
 - Level 1.5 Fighting
 + Level 7.5 Ranged Weapons
 - Level 2.4 Dodging
 - Level 1.2 Stealth


You had 3 spell levels left.
You didn't know any spells.
Your spell library was empty.

Inventory:

Hand Weapons
 Y - a +0 shortbow (weapon)
Armour
 e - a +1 leather armour of fire resistance (worn)
 g - a +0 ring mail
Scrolls
 b - a scroll of teleportation {unknown}
 c - a scroll of identify
Potions
 a - a potion of attraction {unknown}
 f - a potion of heal wounds {unknown}
 h - a potion of degeneration {unknown}
 k - a potion of cancellation {unknown}
 l - a potion of enlightenment {unknown}

Dungeon Overview and Level Annotations

Branches:
Dungeon (3/15)

Altars:

Annotations:
D:3 Grinder


Message History

Grinder barely misses you.
You shoot an arrow. The arrow closely misses Grinder.
The bat misses you. Grinder misses you.
You shoot an arrow. The arrow hits the bat!
You kill the bat!
The bat barely misses you. The bat hits you but does no damage.
Grinder blinks!
You shoot an arrow. The arrow hits the bat!
You kill the bat!
You shoot an arrow. The arrow hits Grinder.
Grinder is lightly wounded.
You shoot an arrow. The arrow barely misses Grinder.
You shoot an arrow. The arrow barely misses Grinder.
Grinder gestures at you. You resist with significant effort.
You shoot an arrow. The arrow closely misses Grinder.
Grinder gestures at you. Pain shoots through your body!
You shoot an arrow. The arrow closely misses Grinder.
Grinder hits you but does no damage.
You shoot an arrow. The arrow barely misses Grinder.
Grinder says, "What is the universe for?"
Grinder barely misses you.
You shoot an arrow. The arrow hits Grinder!
Grinder is moderately wounded.
Grinder barely misses you.
You shoot an arrow. The arrow barely misses Grinder.
Grinder hits you but does no damage. Grinder hits you.
You writhe in agony.
You shoot an arrow. The arrow completely misses Grinder.
Grinder barely misses you.
You shoot an arrow.
The arrow hits Grinder but does no damage.
Grinder is moderately wounded.
Grinder closely misses you.
You shoot an arrow.
The arrow hits Grinder but does no damage.
Grinder is moderately wounded.
Grinder gestures at you. Pain shoots through your body!
Ouch! That really hurt!
You die...

#. ## #.. #.#!#
#... ..##.#
###..# ....#.#
.#... #..##.#
...#
#...#.#%..#
#...##)#
#...5@#.b.#
###.....#l..#
.......%#?:[#
####.##.#####.#
#......[....#
#.......#####
#......##
#.....)####
#.........##


You could see Grinder.

Vanquished Creatures
  3 adders
  2 worms
  7 bats
  2 endoplasms (D:1)
  A giant cockroach (D:1)
  3 goblins
  3 hobgoblins
  3 jackals
  2 quokkas (D:1)
  A ball python (D:3)
  2 frilled lizards
  4 kobolds
  7 rats
40 creatures vanquished.

Notes
Turn   | Place    | Note
-------+----------+-------------------------------------------
     0 | D:1      | qw the Deep Elf Hunter began the quest for the Orb.
     0 | D:1      | Reached XP level 1. HP: 12/12 MP: 3/3
     0 | D:1      | 0 ||| qw: Version: 0.3-a-9-g12657ce
     0 | D:1      | 0 ||| qw: Game counter: 3789
     0 | D:1      | 0 ||| qw: Always use a shield: true
     0 | D:1      | 0 ||| qw: God list: Okawaru
     0 | D:1      | 0 ||| qw: Allow faded altars: false
     0 | D:1      | 0 ||| qw: Do Orc after D:15 true
     0 | D:1      | 0 ||| qw: Do second Lair branch before Depths: true
     0 | D:1      | 0 ||| qw: Lair rune preference: random
     0 | D:1      | 0 ||| qw: Plans: Normal
     0 | D:1      | 0 ||| PLANNING D:1-11
   143 | D:1      | Reached skill level 6 in Ranged Weapons
   143 | D:1      | Reached XP level 2. HP: 16/16 MP: 4/4
   667 | D:1      | 667 ||| UPGRADING to +1 leather armour of fire resistance.
   677 | D:1      | 677 ||| DROPPING +0 leather armour.
   678 | D:1      | 678 ||| READING scroll labelled AFIRAST YCREZI.
   679 | D:1      | 679 ||| READING scroll labelled OFOTAWKUWA.
   680 | D:1      | 680 ||| DROPPING scroll of butterflies.
   707 | D:2      | 707 ||| STAIRDANCE
   711 | D:1      | Reached XP level 3. HP: 10/20 MP: 5/5
   881 | D:2      | Reached skill level 7 in Ranged Weapons
   898 | D:2      | Found a faded altar of an unknown god.
  1273 | D:2      | 1273 ||| READING 2 scrolls labelled YGOIDGH ZAOTSAW.
  1274 | D:2      | 1274 ||| READING scroll labelled YWNEWI UFOEVUA.
  1275 | D:2      | 1275 ||| READING scroll labelled CAPOUTITIXT.
  1276 | D:2      | 1276 ||| READING scroll labelled UPUFFU OXKAU.
  1277 | D:2      | 1277 ||| READING scroll labelled YDOETAJISSU.
  1378 | D:2      | 1378 ||| DRINKING 2 fizzy grey potions.
  1379 | D:2      | 1379 ||| DROPPING potion of brilliance.
  1477 | D:3      | 1477 ||| Stepping ~*~*~tactically~*~*~ (outnumbered).
  1477 | D:3      | Noticed Grinder
  1480 | D:3      | Reached XP level 4. HP: 22/25 MP: 6/6
  1483 | D:3      | Paralysed by Grinder for 4 turns
  1510 | D:3      | HP: 5/25 [Grinder (2)]
  1513 | D:3      | Killed from afar by Grinder

Levels and vault maps discovered:
D:1:      amcnicky_arrival_underground_garden, layout_loops_ring
D:2:      layout_rooms, shapermc_ecumenical_altar_pompeii
D:3:      wander_river, layout_basic, lemuel_crystal_altar, vehumet_statue,
          fedhas_ov_isle_minmay, kennysheep_okawaru_gauntlet,
          grunt_ministairs_8, minmay_vboxes, uniq_grinder

Skill      XL: |  1  2  3 |
---------------+----------+-----
Ranged Weapons | 6 7 |  7.5
Fighting       | |  1.5
Dodging        | |  2.4
Stealth        | |  1.2

Action                     |  1- 3 |  4- 6 || total
---------------------------+-------+-------++-------
   Fire: Shortbow          |    99 |    31 ||   130
    Use: Scroll            |     7 |       ||     7
         Potion            |     1 |       ||     1
 Armour: Leather armour    |     7 |    16 ||    23
  Dodge: Dodged            |    35 |    26 ||    61

Table legend:
 A = Non-vault XP
 B = Vault XP
 C = Vault XP percentage of total XP
 D = Non-vault monster count
 E = Vault monster count
 F = Vault count percentage of total count
                 A         B        C        D         E       F
            +---------+---------+-------+---------+---------+-------
      Total |      95 |       8 |   7.8 |      34 |       6 |  15.0
            +---------+---------+-------+---------+---------+-------
        D:1 |      44 |       0 |   0.0 |      20 |       0 |   0.0
        D:2 |      42 |       0 |   0.0 |      10 |       0 |   0.0
        D:3 |       9 |       8 |  47.1 |       4 |       6 |  60.0
            +---------+---------+-------+---------+---------+-------
